[Event "Titled Tuesday Blitz July 11 Early 2023"]
[White "Hrescak, Ivana"]
[Black "Buscar, Michael"]
[WhiteFideId "14613441"]
[BlackFideId "2603616"]
[WhiteElo "2132"]
[BlackElo "2349"]
[Result "1-0"]
[Round "6"]
[TimeControl "180+2"]
[Date "2023.07.11"]
[WhiteClock "0:00:10"]
[BlackClock "0:00:00"]
[Board "162"]

1. e4 c5 2. Nf3 Nc6 3. Bb5 Nf6 4. Nc3 g6 5. Bxc6 bxc6 6. e5 Nd5 7. Nxd5 cxd5 8. d4 Ba6 9. dxc5 Qa5+ 10. c3 Qxc5 11. Be3 Qb5 12. Qd2 Bg7 13. Nd4 Qc4 14. f4 Rb8 15. b3 Qd3 16. Qxd3 Bxd3 17. O-O-O Be4 18. Rd2 O-O 19. Kb2 f6 20. exf6 Bxf6 21. Nf3 e6 22. Rf1 Rbc8 23. Bd4 Be7 24. Rff2 Rxf4 25. Bxa7 Ra8 26. Bd4 Ba3+ 27. Ka1 g5 28. b4 g4 29. Ne5 Raf8 30. g3 Rxf2 31. Rxf2 Rxf2 32. Bxf2 d6 33. Nc6 e5 34. Be3 Kf7 35. Na7 d4 36. cxd4 Bxb4 37. Kb2 exd4 38. Bxd4 Ke6 39. Nb5 Kd5 40. Bg7 Bc5 41. Nc3+ 1-0


[Site "https://www.chess.com"]

[Event "Titled Tuesday Blitz July 11 Early 2023"]
[White "Skuhala, Barbara"]
[Black "Levine, David"]
[WhiteFideId "14605465"]
[BlackFideId "2011611"]
[WhiteElo "2333"]
[BlackElo "2027"]
[Result "1-0"]
[Round "6"]
[TimeControl "180+2"]
[Date "2023.07.11"]
[WhiteClock "0:01:39"]
[BlackClock "0:00:00"]
[Board "163"]

1. e4 e5 2. Nf3 Nc6 3. d4 exd4 4. Bc4 Nf6 5. e5 d5 6. Bb5 Ne4 7. Nxd4 Bc5 8. Bxc6+ bxc6 9. O-O Bd7 10. f3 Ng5 11. f4 Ne4 12. Be3 O-O 13. Nd2 Nxd2 14. Qxd2 Bb6 15. f5 c5 16. Ne2 d4 17. Bf2 Bc6 18. Qf4 Qd5 19. Qg3 Rae8 20. f6 g6 21. Nf4 Qxe5 22. Qh4 Kh8 23. Bg3 Rg8 24. Nxg6+ Rxg6 25. Rae1 Qg5 26. Rxe8+ Bxe8 27. Re1 Bd7 28. Re7 Qc1+ 29. Be1 Bc6 30. Rxf7 Rxg2+ 31. Kf1 1-0


[Site "https://www.chess.com"]

[Event "Titled Tuesday Blitz July 11 Early 2023"]
[White "Lakshmi C"]
[Black "Todorovic, Bojan"]
[WhiteFideId "25035347"]
[BlackFideId "917087"]
[WhiteElo "2115"]
[BlackElo "2320"]
[Result "0-1"]
[Round "6"]
[TimeControl "180+2"]
[Date "2023.07.11"]
[WhiteClock "0:00:01"]
[BlackClock "0:00:05"]
[Board "164"]

1. g3 g6 2. Bg2 Bg7 3. f4 Nf6 4. Nh3 c5 5. Nf2 d5 6. O-O Nc6 7. d3 h5 8. e4 h4 9. e5 hxg3 10. hxg3 Nh5 11. Nh1 f5 12. Nc3 Be6 13. Qf3 Nd4 14. Qf2 Qd7 15. Be3 O-O 16. Bxd4 cxd4 17. Qxd4 Rfd8 18. Qf2 d4 19. Ne2 Rac8 20. Rac1 Bd5 21. Bxd5+ Qxd5 22. Qf3 Qb5 23. g4 fxg4 24. Qxg4 Qc6 25. b3 Qd5 26. Qxg6 Qf7 27. Qxf7+ Kxf7 28. Nf2 e6 29. Ne4 Bh6 30. Kh2 Ke7 31. Nd6 Rc7 32. f5 Bxc1 33. f6+ Kf8 34. Rxc1 Rh7 35. Kg2 Rxd6 36. exd6 Nxf6 37. Nxd4 e5 38. Nf5 Rh5 39. Ne3 e4 40. dxe4 Nxe4 41. Rd1 Ke8 42. Rd4 Re5 43. c4 Kd7 44. Ng4 Re6 45. Rxe4 Rxd6 46. Ne5+ Kc7 47. Nf3 Rd3 48. Kf2 a5 49. Re2 a4 50. Rd2 Rc3 51. b4 Rxc4 52. a3 Rc3 53. Ra2 Kc6 54. Ke2 Kd5 55. Nd2 Kd4 56. Kd1 b5 57. Ke2 Rd3 58. Ra1 Rh3 59. Nf3+ Kc4 60. Ne5+ Kb3 61. Nc6 Rh2+ 62. Kd3 Rh3+ 63. Kd2 Kb2 64. Rg1 Kxa3 65. Rb1 Rh2+ 66. Kc3 Rh3+ 67. Kc2 Rh2+ 68. Kc3 Rh3+ 69. Kc2 Rh4 70. Kc3 Rc4+ 71. Kd3 Rxc6 72. Kd2 Rc4 73. Ra1+ Kxb4 0-1


[Site "https://www.chess.com"]

[Event "Titled Tuesday Blitz July 11 Early 2023"]
[White "Navyblue1"]
[Black "Wernberg, Hugo"]
[BlackFideId "1737511"]
[WhiteElo "1771"]
[BlackElo "2317"]
[Result "0-1"]
[Round "6"]
[TimeControl "180+2"]
[Date "2023.07.11"]
[WhiteClock "0:00:02"]
[BlackClock "0:00:11"]
[Board "165"]

1. d4 d5 2. c4 e6 3. cxd5 exd5 4. Nc3 c6 5. Qc2 Nf6 6. Bg5 Be6 7. e3 Nbd7 8. Bd3 h6 9. Bh4 Bd6 10. Nge2 O-O 11. h3 Re8 12. O-O Qc7 13. Rac1 Rac8 14. a3 Nh5 15. f4 Nf8 16. Bf2 Nf6 17. Kh1 Bd7 18. Ng1 c5 19. dxc5 Bxc5 20. Nce2 Qb6 21. Qb1 Bxe3 22. Rxc8 Bxc8 23. Bxe3 Rxe3 24. Nf3 Ne6 25. Rd1 Ne4 26. Bxe4 dxe4 27. Qc2 exf3 28. gxf3 Rxf3 29. Qxc8+ Kh7 30. Qc2+ g6 31. Rd7 Rf1+ 32. Kh2 Qf2# 0-1


[Site "https://www.chess.com"]

[Event "Titled Tuesday Blitz July 11 Early 2023"]
[White "Pinheiro, Iung Alicio de O."]
[Black "Schachpanda_Youtube"]
[WhiteFideId "2104350"]
[WhiteElo "2565"]
[BlackElo "2195"]
[Result "1-0"]
[Round "6"]
[TimeControl "180+2"]
[Date "2023.07.11"]
[WhiteClock "0:00:08"]
[BlackClock "0:00:00"]
[Board "166"]

1. e4 c6 2. Nc3 d5 3. Nf3 dxe4 4. Nxe4 Nf6 5. Qe2 Nxe4 6. Qxe4 Nd7 7. Bc4 Nf6 8. Ne5 e6 9. Qe2 b5 10. Bb3 Qc7 11. d4 Bd6 12. Bf4 O-O 13. Bg3 c5 14. c3 cxd4 15. cxd4 Bb4+ 16. Kf1 Qb6 17. Rd1 Bb7 18. h4 Rad8 19. Qe3 Bd5 20. Bc2 Bc4+ 21. Kg1 Be7 22. Bb1 Bd5 23. h5 Rc8 24. Rh4 Qb7 25. f3 Rc7 26. Ng4 Nxg4 27. Rxg4 Rd7 28. Qh6 g6 29. Be5 f6 30. hxg6 Bc5 31. gxh7+ Kh8 32. dxc5 1-0


[Site "https://www.chess.com"]

[Event "Titled Tuesday Blitz July 11 Early 2023"]
[White "Sebag, Marie"]
[Black "Hernandez Bermudez, Ulises Eduardo"]
[WhiteFideId "617822"]
[BlackFideId "3902510"]
[WhiteElo "2534"]
[BlackElo "2177"]
[Result "1-0"]
[Round "6"]
[TimeControl "180+2"]
[Date "2023.07.11"]
[WhiteClock "0:01:00"]
[BlackClock "0:00:00"]
[Board "167"]

1. d4 d5 2. c4 c6 3. Nc3 Nf6 4. Nf3 e6 5. e3 Bd6 6. Bd3 O-O 7. O-O Nbd7 8. e4 dxe4 9. Nxe4 Nxe4 10. Bxe4 c5 11. Qc2 h6 12. Rd1 cxd4 13. Nxd4 Qh4 14. g3 Qf6 15. Be3 Nc5 16. Bg2 Nd7 17. a3 Bc5 18. b4 Bb6 19. c5 Bc7 20. c6 bxc6 21. Nxc6 Bb7 22. Ne7+ Qxe7 23. Bxb7 Be5 24. Bxa8 Rxa8 25. Rac1 Nf6 26. Qc6 Rd8 27. Bc5 Qe8 28. Qxe8+ Rxe8 29. Bxa7 Nd5 30. Bd4 Bd6 31. Bc5 Be5 32. a4 Bb2 33. Rc2 Be5 34. a5 Rc8 35. a6 Bb8 36. Ra2 1-0


[Site "https://www.chess.com"]

[Event "Titled Tuesday Blitz July 11 Early 2023"]
[White "Mishra, Manoj"]
[Black "Matyukov, Petr"]
[WhiteFideId "5006007"]
[BlackFideId "4103688"]
[WhiteElo "2172"]
[BlackElo "2465"]
[Result "1-0"]
[Round "6"]
[TimeControl "180+2"]
[Date "2023.07.11"]
[WhiteClock "0:00:13"]
[BlackClock "0:00:24"]
[Board "169"]

1. d4 Nf6 2. Bg5 d5 3. e3 c5 4. c3 Bf5 5. Nd2 e6 6. Ngf3 Nc6 7. Bb5 Qb6 8. a4 a6 9. Be2 Qxb2 10. O-O h6 11. Bf4 cxd4 12. cxd4 Be7 13. Qb3 Qxb3 14. Nxb3 O-O 15. Rfc1 Rfc8 16. Nc5 Na5 17. Ne5 Bxc5 18. Rxc5 Rxc5 19. dxc5 Nb3 20. Ra3 Nxc5 21. g4 Bh7 22. h4 Rc8 23. g5 hxg5 24. hxg5 Nfe4 25. f3 Nd2 26. e4 Nb1 27. Ra1 dxe4 28. g6 exf3 29. gxh7+ Kxh7 30. Bxf3 Nc3 31. Rc1 N3xa4 32. Bxb7 Rb8 33. Bf3 Rb4 34. Be3 Nb3 35. Rd1 a5 36. Kf2 Nc3 37. Rh1+ Kg8 38. Bh5 g6 39. Bf3 a4 40. Nc6 Rb6 41. Bxb6 a3 42. Nb4 a2 43. Nxa2 Nxa2 44. Rb1 Nd2 45. Rb2 Nc4 46. Rxa2 Nxb6 47. Ra6 Nd7 48. Rd6 Nf8 49. Rd8 Kg7 50. Ke3 Nh7 51. Kf4 Nf6 52. Ra8 Nh5+ 53. Bxh5 gxh5 54. Kg5 e5 55. Kxh5 Kf6 56. Kg4 Ke6 57. Ra5 f5+ 58. Kg5 f4 59. Kg4 Kd6 60. Kf3 Ke6 61. Ke4 Kf6 62. Rxe5 f3 63. Rf5+ Ke6 64. Rxf3 Kd7 65. Rf6 Kc7 66. Ra6 Kb7 67. Rh6 Kc7 68. Kd5 Kb7 69. Kc5 Kc7 70. Rh7+ Kd8 71. Kc6 Ke8 72. Kd6 Kf8 73. Ke6 Kg8 74. Ra7 Kf8 75. Rb7 Kg8 76. Kf6 Kh8 77. Kg6 Kg8 78. Rb8# 1-0


[Site "https://www.chess.com"]

[Event "Titled Tuesday Blitz July 11 Early 2023"]
[White "Lisjak, Zlatko"]
[Black "Pein, Jonathan"]
[WhiteFideId "14502186"]
[BlackFideId "417092"]
[WhiteElo "2156"]
[BlackElo "2429"]
[Result "0-1"]
[Round "6"]
[TimeControl "180+2"]
[Date "2023.07.11"]
[WhiteClock "0:00:00"]
[BlackClock "0:01:42"]
[Board "170"]

1. e4 c5 2. b4 e6 3. bxc5 Bxc5 4. d4 Bb6 5. Nf3 d6 6. Bd3 Ne7 7. O-O Nd7 8. c4 e5 9. d5 Ng6 10. Nc3 O-O 11. Na4 Bc5 12. Nxc5 Nxc5 13. Bc2 f5 14. Ng5 h6 15. Qh5 Qf6 16. Ne6 Nxe6 17. dxe6 Bxe6 18. exf5 Bxf5 19. Bxf5 Qxf5 20. Qd1 Rad8 21. Qd5+ Kh8 22. Be3 b6 23. a4 Nh4 24. a5 Qg4 25. Kh1 e4 26. Rg1 Rf5 27. Qb7 Rh5 28. axb6 Nf5 29. Rgd1 Nh4 0-1


[Site "https://www.chess.com"]

[Event "Titled Tuesday Blitz July 11 Early 2023"]
[White "Rom, Jasper"]
[Black "HeinichessPY"]
[WhiteFideId "2023733"]
[WhiteElo "2403"]
[BlackElo "2149"]
[Result "1-0"]
[Round "6"]
[TimeControl "180+2"]
[Date "2023.07.11"]
[WhiteClock "0:00:23"]
[BlackClock "0:00:35"]
[Board "171"]

1. e4 c5 2. Nc3 Nc6 3. f4 e6 4. Nf3 g6 5. e5 h5 6. Ne4 d5 7. Neg5 Nh6 8. Bb5 Bg7 9. O-O O-O 10. c3 c4 11. Bxc6 bxc6 12. b3 Ba6 13. b4 c5 14. bxc5 Qa5 15. a4 Rfc8 16. Ba3 Bf8 17. Bb4 Bxc5+ 18. Bxc5 Qxc5+ 19. Nd4 Nf5 20. Nf3 Rab8 21. Rb1 Ne7 22. Kh1 Bb7 23. Rb5 Qc7 24. Qc2 Kg7 25. Rfb1 Bc6 26. Ng5 Bd7 27. R5b4 a5 28. R4b2 Rxb2 29. Qxb2 Nc6 30. Nb5 Qb8 31. Qa3 Nxe5 32. fxe5 Qxe5 33. Qe7 Bxb5 34. Qxf7+ Kh6 35. h4 Rh8 36. axb5 Qg3 37. Nf3 e5 38. Qf6 e4 39. Qxh8# 1-0


[Site "https://www.chess.com"]

[Event "Titled Tuesday Blitz July 11 Early 2023"]
[White "Szyszylo, Rafal"]
[Black "Ho, In Hei Henry"]
[WhiteFideId "1109626"]
[BlackFideId "6002552"]
[WhiteElo "2394"]
[BlackElo "2144"]
[Result "1-0"]
[Round "6"]
[TimeControl "180+2"]
[Date "2023.07.11"]
[WhiteClock "0:00:09"]
[BlackClock "0:00:00"]
[Board "172"]

1. e4 d5 2. exd5 Qxd5 3. Nc3 Qa5 4. d4 Nf6 5. Nf3 Bf5 6. Bc4 e6 7. Bd2 Bb4 8. a3 Bxc3 9. Bxc3 Qb6 10. Qe2 O-O 11. Nh4 Be4 12. f3 Bd5 13. Bd3 Nbd7 14. g4 c5 15. g5 Nh5 16. dxc5 Nxc5 17. O-O-O Nf4 18. Qe5 Nfxd3+ 19. cxd3 f6 20. gxf6 Rxf6 21. Qg3 Rf7 22. Rhg1 Nb3+ 23. Kb1 Nd4 24. Qe5 Ba2+ 25. Ka1 Rd8 26. Bxd4 Rxd4 27. Kxa2 a5 28. Rc1 Rd8 29. Qc5 Qa6 30. Qc4 Qd6 31. f4 b6 32. Rg3 a4 33. Re1 b5 34. Qxe6 Qxe6+ 35. Rxe6 Rfd7 36. Nf5 Kf8 37. d4 Rd5 38. Re5 Rxe5 39. fxe5 1-0


[Site "https://www.chess.com"]

[Event "Titled Tuesday Blitz July 11 Early 2023"]
[White "Glavina, Pablo"]
[Black "Grigoryan, Meri"]
[WhiteFideId "100234"]
[BlackFideId "13300571"]
[WhiteElo "2384"]
[BlackElo "2138"]
[Result "1/2-1/2"]
[Round "6"]
[TimeControl "180+2"]
[Date "2023.07.11"]
[WhiteClock "0:02:07"]
[BlackClock "0:00:39"]
[Board "173"]

1. e4 e5 2. Nf3 Nc6 3. Nc3 Bb4 4. Nd5 Bc5 5. Nxe5 Bxf2+ 6. Kxf2 Nxe5 7. d4 Qh4+ 8. g3 Qxe4 9. Bg2 Ng4+ 10. Kg1 Qf5 11. Qe2+ Kd8 12. Bf4 d6 13. Bh3 Qxd5 14. Bxg4 1/2-1/2


[Site "https://www.chess.com"]

[Event "Titled Tuesday Blitz July 11 Early 2023"]
[White "Vila Dupla, Aurelio"]
[Black "Barbot, Pierre"]
[WhiteFideId "2203383"]
[BlackFideId "663727"]
[WhiteElo "2136"]
[BlackElo "2361"]
[Result "1-0"]
[Round "6"]
[TimeControl "180+2"]
[Date "2023.07.11"]
[WhiteClock "0:01:21"]
[BlackClock "0:00:04"]
[Board "174"]

1. Nf3 d5 2. d4 Nf6 3. c4 e6 4. cxd5 exd5 5. Nc3 Bb4 6. Bg5 O-O 7. e3 h6 8. Bxf6 Qxf6 9. Qb3 c5 10. dxc5 Bxc3+ 11. Qxc3 Qxc3+ 12. bxc3 Nd7 13. O-O-O Nf6 14. Nd4 Bd7 15. Bd3 Rfc8 16. Nb3 Ba4 17. Kd2 Bxb3 18. axb3 Rxc5 19. h3 Rac8 20. Rc1 Kf8 21. Rc2 Ne4+ 22. Bxe4 dxe4 23. Ra1 a6 24. Ra4 f5 25. Rd4 Ke7 26. c4 b5 27. Kc3 bxc4 28. Rxc4 Ra5 29. Rxc8 1-0


[Site "https://www.chess.com"]

[Event "Titled Tuesday Blitz July 11 Early 2023"]
[White "Roque Sola, Jose Luis"]
[Black "Fernandez, Michael"]
[WhiteFideId "5120390"]
[BlackFideId "5803560"]
[WhiteElo "2128"]
[BlackElo "2349"]
[Result "1-0"]
[Round "6"]
[TimeControl "180+2"]
[Date "2023.07.11"]
[WhiteClock "0:00:14"]
[BlackClock "0:00:02"]
[Board "175"]

1. c4 c6 2. Nf3 d5 3. b3 Nf6 4. Bb2 Bf5 5. d3 e6 6. g3 Nbd7 7. Bg2 h6 8. O-O Bd6 9. Nc3 Qe7 10. Qc2 O-O 11. e4 dxe4 12. dxe4 Bh7 13. Rad1 Rfd8 14. Qe2 e5 15. Rd2 Bb4 16. Rfd1 Nc5 17. Rxd8+ Rxd8 18. Rxd8+ Qxd8 19. Nxe5 Bxc3 20. Bxc3 Bxe4 21. Nxf7 Qd3 22. Qxd3 Bxd3 23. Bxf6 gxf6 24. Nd6 Bb1 25. b4 Na6 26. a3 Nc7 27. Nxb7 Ba2 28. c5 Nd5 29. Nd6 Kf8 30. Ne4 Ke7 31. f4 Bc4 32. Kf2 Bd3 33. Nd2 Kd7 34. Bxd5 cxd5 35. Ke3 Bf5 36. Kd4 Kc6 37. a4 a6 38. Nf3 Be4 39. Nh4 f5 40. Ng6 a5 1-0


[Site "https://www.chess.com"]

[Event "Titled Tuesday Blitz July 11 Early 2023"]
[White "Shapiro, Daniel"]
[Black "Mangialardo, Tiago Carvalho"]
[WhiteFideId "2001780"]
[BlackFideId "2130718"]
[WhiteElo "2334"]
[BlackElo "2125"]
[Result "0-1"]
[Round "6"]
[TimeControl "180+2"]
[Date "2023.07.11"]
[WhiteClock "0:00:00"]
[BlackClock "0:00:03"]
[Board "176"]

1. d4 Nf6 2. c4 c5 3. d5 g6 4. Nc3 Bg7 5. e4 d6 6. h3 O-O 7. Nf3 e6 8. Bd3 exd5 9. cxd5 b5 10. Nxb5 Nxe4 11. O-O Nf6 12. Bf4 Ne8 13. Qb3 a6 14. Na3 Nd7 15. Nc4 Rb8 16. Qc2 Nb6 17. Na5 Nxd5 18. Nc6 Qc7 19. Nxb8 Nxf4 20. Nxa6 Qb6 21. Bc4 Bxa6 22. Rfd1 Nf6 23. Rab1 Bb7 24. Ne1 Qc6 25. Bf1 Nxh3+ 26. Kh2 Nf4 27. Qd2 N4h5 28. Qxd6 Qe4 29. Qd3 Qh4+ 30. Kg1 Be4 0-1


[Site "https://www.chess.com"]

[Event "Titled Tuesday Blitz July 11 Early 2023"]
[White "Fajdetic, Hrvoje"]
[Black "Tarnowska, Aleksandra"]
[WhiteFideId "14501945"]
[BlackFideId "1180967"]
[WhiteElo "2323"]
[BlackElo "2118"]
[Result "1-0"]
[Round "6"]
[TimeControl "180+2"]
[Date "2023.07.11"]
[WhiteClock "0:00:13"]
[BlackClock "0:00:02"]
[Board "177"]

1. f4 d5 2. Nf3 c5 3. e3 Nc6 4. Bb5 a6 5. Bxc6+ bxc6 6. b3 a5 7. a4 Ba6 8. d3 Nf6 9. Nbd2 g6 10. Ba3 Nd7 11. Bb2 Nf6 12. Ne5 Qc7 13. O-O Bg7 14. Qe1 Rb8 15. Rb1 O-O 16. Qh4 Nd7 17. Qxe7 Rbd8 18. Nxd7 Rxd7 19. Qxc5 Re8 20. Bxg7 Kxg7 21. Nf3 Rde7 22. Rbe1 f6 23. Nd4 Bb7 24. f5 g5 25. Ne6+ Rxe6 26. fxe6 Rxe6 27. e4 dxe4 28. Rxe4 Bc8 29. Rxe6 Bxe6 30. Re1 Qd7 31. Qe3 Kf7 32. h3 Qd5 33. Qe4 Qd7 34. Qxh7+ Ke8 35. Qh8+ Kf7 36. Qh7+ Ke8 37. Qxd7+ Kxd7 38. Kf2 Kd6 39. g4 Kd5 40. Ke3 Bg8 41. c4+ Kd6 42. d4 Bh7 43. Rf1 Ke7 44. Rf2 Bb1 45. Rb2 Bg6 46. d5 cxd5 47. cxd5 Kd6 48. Kd4 Bf7 49. Rf2 Ke7 50. Kc5 Bg8 51. d6+ Ke6 52. Kc6 Bh7 53. Kc7 Bg6 54. d7 Kf7 55. d8=Q Be4 56. Qxf6+ Kg8 57. Qe7 Bg6 58. Rf8# 1-0


[Site "https://www.chess.com"]

[Event "Titled Tuesday Blitz July 11 Early 2023"]
[White "Calhoun, Luke"]
[Black "Rosenberg, Evan S"]
[WhiteFideId "2064421"]
[BlackFideId "2019299"]
[WhiteElo "2116"]
[BlackElo "2319"]
[Result "1-0"]
[Round "6"]
[TimeControl "180+2"]
[Date "2023.07.11"]
[WhiteClock "0:01:00"]
[BlackClock "0:01:11"]
[Board "178"]

1. Nf3 d5 2. g3 Nd7 3. d4 Nb6 4. Bg2 Nf6 5. O-O Bf5 6. Ne5 e6 7. b3 Be7 8. Bb2 O-O 9. Nd2 a5 10. a4 c6 11. h3 h6 12. g4 Bh7 13. f4 Re8 14. e3 Rc8 15. Rf3 c5 16. Rg3 cxd4 17. Bxd4 Bxc2 18. Qe2 Ne4 19. Nxe4 Bxe4 20. Bxe4 dxe4 21. g5 hxg5 22. Qh5 Rf8 23. fxg5 Bc5 24. Rg4 Bxd4 25. Rh4 Bxe3+ 26. Kh1 1-0


[Site "https://www.chess.com"]

[Event "Titled Tuesday Blitz July 11 Early 2023"]
[White "campochess"]
[Black "Okike, David"]
[BlackFideId "8500134"]
[WhiteElo "2116"]
[BlackElo "2305"]
[Result "0-1"]
[Round "6"]
[TimeControl "180+2"]
[Date "2023.07.11"]
[WhiteClock "0:00:13"]
[BlackClock "0:01:18"]
[Board "179"]

1. d4 Nf6 2. Bg5 e6 3. e4 d5 4. e5 h6 5. Be3 Nfd7 6. c4 c5 7. cxd5 exd5 8. e6 Nf6 9. Bb5+ Nc6 10. exf7+ Kxf7 11. Nc3 c4 12. Bxc6 bxc6 13. Nf3 Qb6 14. Qc2 Bd6 15. O-O Re8 16. Ne5+ Kg8 17. Na4 Qc7 18. f4 Ne4 19. Rac1 Bf5 20. Qd1 Rac8 21. b3 Bxe5 22. fxe5 Qd7 23. bxc4 Bg4 24. Qe1 Rb8 25. cxd5 cxd5 26. Nc5 Nxc5 27. Rxc5 Rb2 28. Qg3 Kh8 29. h3 Bf5 30. e6 Qxe6 31. Bf4 Be4 32. Be5 Rxg2+ 33. Qxg2 Bxg2 34. Kxg2 Re7 35. Rf8+ Kh7 36. Rd8 Qg6+ 37. Kh2 Rf7 38. Bg3 Rf3 39. Be1 Qe4 40. Rdxd5 Qe2+ 41. Kg1 Rf1# 0-1


[Site "https://www.chess.com"]

[Event "Titled Tuesday Blitz July 11 Early 2023"]
[White "Floresvillar Gonzalez, Luis Migu"]
[Black "AndresDelgado77"]
[WhiteFideId "5100542"]
[WhiteElo "2101"]
[BlackElo "2297"]
[Result "0-1"]
[Round "6"]
[TimeControl "180+2"]
[Date "2023.07.11"]
[WhiteClock "0:01:07"]
[BlackClock "0:00:36"]
[Board "180"]

1. e4 e6 2. b3 d5 3. Bb2 Nf6 4. e5 Nfd7 5. c4 dxc4 6. bxc4 c5 7. Nf3 Nc6 8. Na3 a6 9. Nc2 Qc7 10. Qe2 Be7 11. g3 O-O 12. Bg2 b5 13. cxb5 axb5 14. O-O b4 15. Rfe1 Ba6 16. Qe4 Nb6 17. d4 Nc4 18. Rab1 cxd4 19. Ncxd4 Nxd4 20. Bxd4 Bb7 21. Qg4 Rxa2 22. Rbc1 Bd5 23. Ng5 Qb7 24. Bxd5 Qxd5 25. Ba1 Rxa1 26. Rxa1 Nxe5 27. Qh5 Bxg5 28. f4 Nf3+ 29. Kf2 Nxe1 30. Rxe1 Qd4+ 31. Kf3 Bf6 32. Re4 Qd1+ 33. Re2 Rd8 34. Qb5 Qd3+ 35. Qxd3 Rxd3+ 36. Kg4 g6 37. Re4 Bc3 38. Rc4 h5+ 39. Kg5 Kg7 40. Rc7 Bf6# 0-1


[Site "https://www.chess.com"]

[Event "Titled Tuesday Blitz July 11 Early 2023"]
[White "Clawitter, Craig"]
[Black "Johnson, Ben"]
[WhiteFideId "2023105"]
[BlackFideId "2010917"]
[WhiteElo "2296"]
[BlackElo "2106"]
[Result "1-0"]
[Round "6"]
[TimeControl "180+2"]
[Date "2023.07.11"]
[WhiteClock "0:00:21"]
[BlackClock "0:00:00"]
[Board "181"]

1. e4 c5 2. Nf3 g6 3. d4 cxd4 4. Nxd4 Nf6 5. Nc3 Nc6 6. Bc4 Bg7 7. Be3 O-O 8. Bb3 a5 9. O-O a4 10. Nxa4 Nxe4 11. Nb5 Ra6 12. c4 d6 13. Bc2 Nf6 14. h3 Be6 15. b3 Nd7 16. Nac3 Nb4 17. Bb1 Nc5 18. a3 Nc6 19. Ra2 Ra8 20. Rd2 Qc8 21. Ba2 Nd7 22. Nd5 Nc5 23. Nb6 Qd8 24. Bxc5 1-0


[Site "https://www.chess.com"]

[Event "Titled Tuesday Blitz July 11 Early 2023"]
[White "Dwilewicz, Katarzyna"]
[Black "Winkels, Marcel"]
[WhiteFideId "1148486"]
[BlackFideId "1003887"]
[WhiteElo "2295"]
[BlackElo "2094"]
[Result "0-1"]
[Round "6"]
[TimeControl "180+2"]
[Date "2023.07.11"]
[WhiteClock "0:00:01"]
[BlackClock "0:00:39"]
[Board "182"]

1. e4 c5 2. f4 Nc6 3. Nf3 g6 4. Nc3 Bg7 5. d3 d6 6. Be3 e6 7. Qd2 Nd4 8. Be2 Ne7 9. O-O-O Rb8 10. g4 f5 11. g5 b5 12. h4 b4 13. Nb1 Qa5 14. a3 Nxe2+ 15. Qxe2 bxa3 16. c3 a2 17. h5 gxh5 18. Rxh5 a1=Q 19. e5 Q5a2 20. Qc2 Nd5 21. Bg1 Qa4 22. Qd2 Qb3 23. Rh2 Ba6 24. Ne1 Qaa4 25. Re2 dxe5 26. fxe5 O-O 27. g6 Bh6 28. gxh7+ Kh8 29. Qxh6 Qxd1# 0-1


[Site "https://www.chess.com"]

[Event "Titled Tuesday Blitz July 11 Early 2023"]
[White "Tqebuchava, Zurab"]
[Black "Vaglio Munoz, Jaime"]
[WhiteFideId "13601113"]
[BlackFideId "6500145"]
[WhiteElo "2053"]
[BlackElo "2286"]
[Result "1-0"]
[Round "6"]
[TimeControl "180+2"]
[Date "2023.07.11"]
[WhiteClock "0:00:05"]
[BlackClock "0:00:20"]
[Board "183"]

1. e4 c5 2. Nf3 Qa5 3. b3 d6 4. h3 Nf6 5. Nc3 a6 6. Bb2 b5 7. a3 Bb7 8. Bd3 e5 9. O-O Be7 10. Re1 O-O 11. Bf1 Nbd7 12. d3 Rfd8 13. Qd2 Nf8 14. Nd5 Nxd5 15. Qxa5 Nf4 16. Qd2 N8e6 17. g3 Ng6 18. Bg2 a5 19. a4 b4 20. h4 h6 21. h5 Ngf8 22. Bh3 Bc8 23. Kg2 Ra7 24. Rf1 Rc7 25. Qe2 Bb7 26. Kh2 Nh7 27. Bg2 Nd4 28. Bxd4 cxd4 29. Rac1 Bc8 30. Nd2 Bg5 31. f4 Bf6 32. Nc4 Ra7 33. fxe5 dxe5 34. Bh3 Ba6 35. Rf2 Bb7 36. Rcf1 Bc6 37. Bf5 Nf8 38. Bg4 Nh7 39. Rf5 Bd7 40. R5f2 Bxg4 41. Qxg4 Ra6 42. Qf5 Nf8 43. Nxe5 Ne6 44. Nc4 Ng5 45. e5 Be7 46. Qg4 Re6 47. Rf5 Rf8 48. Nd2 f6 49. Ne4 Nxe4 50. Qxe4 Bd6 51. exf6 Rxe4 52. dxe4 Re8 53. f7+ Kf8 54. fxe8=Q+ Kxe8 55. Rf8+ Bxf8 56. Rxf8+ Kxf8 57. Kh3 Ke7 58. Kg4 Ke6 59. Kf4 Kf6 60. g4 Ke6 61. e5 Kd7 62. Kf5 Ke7 63. e6 Kd6 64. Kg6 Kxe6 65. Kxg7 Ke5 66. Kxh6 d3 67. cxd3 Kd4 68. g5 Kc3 69. g6 Kxb3 70. g7 Kxa4 71. g8=Q b3 72. Qb8 Ka3 73. d4 a4 74. d5 Ka2 75. d6 a3 76. d7 b2 77. d8=Q Ka1 78. Qb7 a2 79. Qd1+ b1=Q 80. Qd4+ Qb2 81. Qdxb2# 1-0


[Site "https://www.chess.com"]

[Event "Titled Tuesday Blitz July 11 Early 2023"]
[White "Xavier_mompel"]
[Black "Goughfather"]
[WhiteElo "2252"]
[BlackElo "2038"]
[Result "1-0"]
[Round "6"]
[TimeControl "180+2"]
[Date "2023.07.11"]
[WhiteClock "0:00:55"]
[BlackClock "0:00:01"]
[Board "184"]

1. e4 c6 2. d4 d5 3. e5 c5 4. Nf3 e6 5. c4 dxc4 6. Bxc4 cxd4 7. Nxd4 Bc5 8. Be3 Bb4+ 9. Nc3 Ne7 10. Qa4+ Nbc6 11. Nxc6 Nxc6 12. Bb5 Bxc3+ 13. bxc3 Bd7 14. Rd1 Qc8 15. O-O Nxe5 16. Bxd7+ Nxd7 17. Rd6 Qc7 18. Rfd1 Rd8 19. Bf4 Qc8 20. Qd4 Rg8 21. Bg5 f6 22. Rxe6+ Kf7 23. Qd6 Rge8 24. Rxe8 Rxe8 25. Qxd7+ Qxd7 26. Rxd7+ Ke6 27. Rxg7 fxg5 28. Rxb7 Kf6 29. g3 Rc8 30. Rxh7 a5 31. Ra7 Rc5 32. Kf1 Kf5 33. h3 Ke4 34. Ke2 Kd5 35. Kd3 Ke5 36. Rg7 Kf6 37. Ra7 Rf5 38. Ra6+ Kf7 39. Ke3 Re5+ 40. Kf3 Rc5 41. Kg4 Rxc3 42. Rxa5 1-0


[Site "https://www.chess.com"]

[Event "Titled Tuesday Blitz July 11 Early 2023"]
[White "rionelG"]
[Black "Ismayilova, Khanim"]
[BlackFideId "13429019"]
[WhiteElo "2250"]
[BlackElo "2028"]
[Result "1-0"]
[Round "6"]
[TimeControl "180+2"]
[Date "2023.07.11"]
[WhiteClock "0:00:37"]
[BlackClock "0:00:16"]
[Board "185"]

1. e4 c5 2. g3 e6 3. Bg2 d5 4. exd5 exd5 5. Ne2 Nf6 6. O-O Be7 7. d4 O-O 8. dxc5 Bxc5 9. Nd2 Nc6 10. Nb3 Bb6 11. Bg5 Bg4 12. h3 Bh5 13. g4 Bg6 14. Nf4 Qd6 15. Nxd5 Nxd5 16. Qxd5 Qxd5 17. Bxd5 Bxc2 18. Rac1 Bxb3 19. Bxc6 bxc6 20. axb3 Rac8 21. Rc4 f6 22. Bf4 Rfd8 23. Rfc1 Rd3 24. Rxc6 Rxc6 25. Rxc6 Rxh3 26. Bg3 Rh6 27. Kg2 Rg6 28. Kf3 Rg5 29. Bd6 Rb5 30. b4 Rd5 31. Bc5 Bxc5 32. bxc5 Rd7 33. Ra6 Rc7 34. b4 Kf7 35. Ke4 Ke7 36. Kd5 Kd7 37. b5 Kc8 38. b6 axb6 39. cxb6 Rf7 40. Ra7 Rxa7 41. bxa7 Kb7 42. Ke6 g6 43. Kxf6 h5 44. gxh5 gxh5 45. Kg5 Kxa7 46. Kxh5 Kb6 47. Kg6 Kc6 48. f4 Kd7 49. f5 Ke8 50. Kg7 Ke7 51. f6+ Ke6 52. f7 Ke5 53. f8=Q 1-0


[Site "https://www.chess.com"]

[Event "Titled Tuesday Blitz July 11 Early 2023"]
[White "Larina, Maria"]
[Black "Sava, Christiansen-Danut-Eugen"]
[WhiteFideId "24113182"]
[BlackFideId "1210114"]
[WhiteElo "2221"]
[BlackElo "1979"]
[Result "0-1"]
[Round "6"]
[TimeControl "180+2"]
[Date "2023.07.11"]
[WhiteClock "0:00:09"]
[BlackClock "0:00:50"]
[Board "186"]

1. e4 e6 2. d4 d5 3. Nc3 Bb4 4. exd5 exd5 5. Bd3 Nc6 6. a3 Bxc3+ 7. bxc3 Nge7 8. Qh5 Be6 9. Nf3 Qd7 10. h3 O-O-O 11. O-O h6 12. Ne5 Nxe5 13. dxe5 c5 14. Rd1 Qc7 15. Bf4 Nc6 16. Bb5 a6 17. Bxc6 Qxc6 18. Qe2 g5 19. Bh2 d4 20. cxd4 Rxd4 21. Rxd4 cxd4 22. Rd1 Rd8 23. Qd2 Rd7 24. Rb1 Qc3 25. Qc1 Rc7 26. Qd1 Qxc2 27. Qe1 d3 28. Rd1 Qe2 29. Bg3 Qxe1+ 30. Rxe1 d2 31. Rd1 Rc1 0-1


[Site "https://www.chess.com"]